[Event "Titled Tuesday Blitz October 11 Early 2022"]
[White "Krysa, Leandro"]
[Black "Bharath Subramaniyam H"]
[WhiteFideId "116807"]
[BlackFideId "46634827"]
[WhiteElo "2486"]
[BlackElo "2395"]
[Result "1-0"]
[Round "04"]
[TimeControl "180+1"]
[Date "2022.10.12"]
[WhiteClock "0:00:12"]
[BlackClock "0:00:04"]

1. b4 e5 2. Bb2 Bxb4 3. Bxe5 Nf6 4. c3 Be7 5. g3 Nc6 6. Bxf6 Bxf6 7. Bg2 O-O 8. d4 d5 9. e3 Ne7 10. Ne2 c5 11. dxc5 Qc7 12. O-O Qxc5 13. Nd2 Bg4 14. Nb3 Qc4 15. f3 Bf5 16. Rc1 Bd3 17. Rf2 Nf5 18. Nf4 Bg5 19. Qxd3 Qxd3 20. Nxd3 Bxe3 21. Rd1 Rac8 22. Bh3 g6 23. Bxf5 gxf5 24. Nb4 Rxc3 25. Kg2 Bxf2 26. Kxf2 Rc4 27. Nxd5 Rc2+ 28. Ke3 Rxa2 29. Nd4 Re8+ 30. Kf4 Rxh2 31. Nxf5 Re6 32. Nde7+ Rxe7 33. Nxe7+ Kg7 34. Nf5+ Kg6 35. Rd6+ f6 36. Rd7 1-0


[Site "https://www.chess.com"]

[Event "Titled Tuesday Blitz October 11 Early 2022"]
[White "Kushko, Dmitriy"]
[Black "Sargsyan, Anna M."]
[WhiteFideId "14162261"]
[BlackFideId "13308130"]
[WhiteElo "2230"]
[BlackElo "2284"]
[Result "1-0"]
[Round "04"]
[TimeControl "180+1"]
[Date "2022.10.12"]
[WhiteClock "0:00:07"]
[BlackClock "0:00:09"]

1. g3 d5 2. Nf3 Nf6 3. Bg2 Bf5 4. O-O e6 5. c4 c6 6. Qb3 Qb6 7. d3 h6 8. Nc3 Nbd7 9. cxd5 exd5 10. Qc2 Be7 11. e4 dxe4 12. dxe4 Bh7 13. Qe2 Nc5 14. e5 Bd3 15. Qd2 Ng4 16. Rd1 Rd8 17. Qe1 Ne6 18. h3 Nxf2 19. Be3 Bc5 20. Bxf2 Qxb2 21. Na4 Bxf2+ 22. Qxf2 Qb4 23. Qe3 Bg6 24. Rxd8+ Nxd8 25. Nc5 O-O 26. Ne4 Ne6 27. Nd6 b6 28. Qd2 Qc5+ 29. Kh2 b5 30. Rc1 Qb6 31. Nh4 Bh7 32. Rxc6 Qb8 33. Qe3 Rd8 34. Be4 Bxe4 35. Qxe4 a5 36. Nhf5 b4 37. Ne7+ Kf8 38. Nd5 Qa8 39. Nb6 Qa7 40. h4 Rb8 41. Qe3 a4 42. Nbc4 Qxe3 43. Nxe3 b3 44. axb3 axb3 45. Rc1 b2 46. Rb1 Nd4 47. Ndc4 Rb3 48. Rxb2 Rc3 49. Kg2 g5 50. hxg5 hxg5 51. Rb7 Kg7 52. Rc7 Kg6 53. Rd7 Ne6 54. Rd6 g4 55. Kf2 Kg5 56. Rd7 Kg6 57. Ke2 Rb3 58. Nd5 Rb5 59. Ne7+ Kg5 60. Rd5 Rb4 61. Ne3 Re4 62. Nc6 Kg6 63. Kd3 Ra4 64. Ne7+ Kg5 65. Nc6 Ra3+ 66. Ke2 Ra2+ 67. Rd2 Ra3 68. Nd4 Nc5 69. Rc2 Ne4 70. Nf1 Nxg3+ 71. Nxg3 Rxg3 72. Rc7 Kg6 73. Rc6+ Kg5 74. Rf6 Rh3 75. Rxf7 Rh2+ 76. Kf1 Rh1+ 77. Kg2 Rd1 78. Ne2 Rf1 79. Rxf1 1-0


[Site "https://www.chess.com"]

[Event "Titled Tuesday Blitz October 11 Early 2022"]
[White "Kuznetsova, Olga"]
[Black "Vignesh, N R"]
[WhiteFideId "4191323"]
[BlackFideId "25012215"]
[WhiteElo "2134"]
[BlackElo "2386"]
[Result "0-1"]
[Round "04"]
[TimeControl "180+1"]
[Date "2022.10.12"]
[WhiteClock "0:00:14"]
[BlackClock "0:00:15"]

1. d4 Nf6 2. g3 e6 3. Bg2 d5 4. Nf3 Be7 5. O-O O-O 6. b3 c5 7. Bb2 Nc6 8. e3 b6 9. Nbd2 Bb7 10. Ne5 Rc8 11. c4 cxd4 12. Nxc6 Bxc6 13. Bxd4 dxc4 14. Bxc6 Rxc6 15. Nxc4 Qc7 16. Qf3 Rc8 17. Rad1 b5 18. Ne5 Rc2 19. a4 bxa4 20. bxa4 Bd6 21. Nd3 e5 22. Ne1 exd4 23. Nxc2 Qxc2 24. Rxd4 Be5 25. Rb4 h5 26. h3 g6 27. a5 Qc5 28. Rfb1 Qxa5 29. Rb7 Rc7 30. Rb8+ Kg7 31. Qa8 Qd2 32. Rh8 Nd7 33. Rc8 Rxc8 34. Qxc8 Nb6 35. Qb7 Qd3 36. Rf1 Qa3 37. Rd1 Bf6 38. Kg2 Qa4 39. Rc1 Qa3 40. Rc7 Qa2 41. Qxa7 Qd5+ 42. Kg1 Nc4 43. Qb7 Qe6 44. Qc6 Qxc6 45. Rxc6 Ne5 46. Rc1 g5 47. Kg2 g4 48. hxg4 hxg4 49. Rd1 Kg6 50. Rd5 Kf5 51. Ra5 Ke4 52. Ra4+ Kf5 53. Ra5 Ke6 54. Rb5 Be7 55. Ra5 Bd6 56. Rb5 f5 57. Ra5 Nd7 58. Ra6 Nf6 59. Rb6 Ne4 60. Ra6 Kd5 61. Ra5+ Bc5 62. Kf1 Kc4 63. Ke2 Nc3+ 64. Kf1 Nd5 65. Ke2 Nf6 66. Ra8 Ne4 67. Rf8 Bxf8 0-1


[Site "https://www.chess.com"]

[Event "Titled Tuesday Blitz October 11 Early 2022"]
[White "Lakshmi C"]
[Black "Skibbe, Willi"]
[WhiteFideId "25035347"]
[BlackFideId "4682190"]
[WhiteElo "1865"]
[BlackElo "2308"]
[Result "0-1"]
[Round "04"]
[TimeControl "180+1"]
[Date "2022.10.12"]
[WhiteClock "0:00:06"]
[BlackClock "0:01:06"]

1. e4 e5 2. Nf3 Nc6 3. Bb5 a6 4. Ba4 Nf6 5. O-O Be7 6. Re1 b5 7. Bb3 O-O 8. c3 d5 9. exd5 Nxd5 10. Nxe5 Nxe5 11. Rxe5 c6 12. d4 Bd6 13. Re1 Qh4 14. g3 Qh3 15. Nd2 Bg4 16. Qc2 Rae8 17. Rf1 Re6 18. Bxd5 Rh6 19. Re1 Qxh2+ 20. Kf1 cxd5 21. f4 Bh3# 0-1


[Site "https://www.chess.com"]

[Event "Titled Tuesday Blitz October 11 Early 2022"]
[White "Lamaze, Simon"]
[Black "Toshali, V"]
[WhiteFideId "36069264"]
[BlackFideId "5072611"]
[WhiteElo "2272"]
[BlackElo "1973"]
[Result "1-0"]
[Round "04"]
[TimeControl "180+1"]
[Date "2022.10.12"]
[WhiteClock "0:00:58"]
[BlackClock "0:00:02"]

1. b3 e5 2. Bb2 Nc6 3. e3 Nf6 4. Bb5 d6 5. Nc3 g6 6. f4 Bg7 7. Bxc6+ bxc6 8. fxe5 dxe5 9. Nge2 O-O 10. O-O Nd5 11. Na4 Qh4 12. Qe1 Qh6 13. Qg3 Qh5 14. Nec3 Ba6 15. d3 f6 16. Nc5 Bc8 17. N3e4 f5 18. Bxe5 fxe4 19. Bxg7 Kxg7 20. dxe4 Rxf1+ 21. Rxf1 Nc3 22. Qxc7+ Kh6 23. Qf4+ Qg5 24. Qxg5+ Kxg5 25. Rf8 Bb7 26. Rf7 Bc8 27. h3 Kh6 28. g4 Nb5 29. e5 a5 30. e6 Nd6 31. Rf8 Bb7 32. Nxb7 Rxf8 33. Nxd6 Kg7 34. e7 1-0


[Site "https://www.chess.com"]

[Event "Titled Tuesday Blitz October 11 Early 2022"]
[White "Laohawirapap, Prin"]
[Black "Siva Mahadevan"]
[WhiteFideId "6205003"]
[BlackFideId "25043153"]
[WhiteElo "2113"]
[BlackElo "2249"]
[Result "0-1"]
[Round "04"]
[TimeControl "180+1"]
[Date "2022.10.12"]
[WhiteClock "0:00:01"]
[BlackClock "0:01:35"]

1. e4 c5 2. Nf3 Nc6 3. d4 cxd4 4. Nxd4 Nf6 5. Nc3 d6 6. Bg5 e6 7. Qd2 a6 8. O-O-O Bd7 9. Kb1 b5 10. Nxc6 Bxc6 11. f3 h6 12. Bf4 d5 13. exd5 Nxd5 14. Nxd5 Bxd5 15. Bd3 Be7 16. Rhe1 Ra7 17. Qe3 Rd7 18. b3 Bf6 19. Be5 O-O 20. Bxf6 Qxf6 21. Be4 Rfd8 22. Bxd5 Rxd5 23. Rxd5 Rxd5 24. Qe2 Qd4 25. Qe3 Qb4 26. Qe4 Qc3 27. Qe2 Rd2 28. Qe4 a5 29. Rc1 a4 30. Qa8+ Kh7 31. Qe4+ g6 32. Qb7 Kg7 33. bxa4 Rd4 0-1


[Site "https://www.chess.com"]

[Event "Titled Tuesday Blitz October 11 Early 2022"]
[White "Lauridsen, Jesper Morch"]
[Black "Pourkashiyan, Atousa"]
[WhiteFideId "1401890"]
[BlackFideId "12502014"]
[WhiteElo "2170"]
[BlackElo "2247"]
[Result "0-1"]
[Round "04"]
[TimeControl "180+1"]
[Date "2022.10.12"]
[WhiteClock "0:00:03"]
[BlackClock "0:00:10"]

1. e4 c5 2. Nf3 e6 3. d4 cxd4 4. Nxd4 a6 5. Bd3 Bc5 6. Nb3 Ba7 7. Nc3 Nc6 8. Qe2 d6 9. Be3 Nf6 10. Rd1 Bxe3 11. Qxe3 b5 12. a3 Bb7 13. O-O O-O 14. f4 Ng4 15. Qg3 Qb6+ 16. Kh1 Ne3 17. Qf2 Qa7 18. Qh4 Nxd1 19. Rxd1 h6 20. Ne2 Rac8 21. Ng3 Ba8 22. Nh5 f5 23. exf5 exf5 24. Qg3 Qf7 25. Qh3 Ne7 26. Ng3 Be4 27. Nd4 Bxd3 28. cxd3 Qf6 29. Nf3 Qxb2 30. Nh5 Rc1 31. Rxc1 Qxc1+ 32. Ng1 Rc8 33. Qg3 g6 34. Nf6+ Kf7 0-1


[Site "https://www.chess.com"]

[Event "Titled Tuesday Blitz October 11 Early 2022"]
[White "Lazavik, Denis"]
[Black "Predke, Alexandr"]
[WhiteFideId "13515110"]
[BlackFideId "24107581"]
[WhiteElo "2437"]
[BlackElo "2614"]
[Result "1-0"]
[Round "04"]
[TimeControl "180+1"]
[Date "2022.10.11"]
[WhiteClock "0:00:17"]
[BlackClock "0:00:04"]

1. d4 Nf6 2. c4 e6 3. Nf3 d5 4. g3 Be7 5. Bg2 O-O 6. O-O c6 7. b3 b6 8. Qc2 Nbd7 9. Rd1 Bb7 10. Nc3 Ba6 11. Qd3 b5 12. c5 e5 13. Nxe5 Nxe5 14. dxe5 Nd7 15. b4 Nxe5 16. Qc2 Bc8 17. Bf4 Ng6 18. Nxd5 cxd5 19. Bxd5 Nxf4 20. gxf4 Bh3 21. Bxf7+ Rxf7 22. Rxd8+ Rxd8 23. Rd1 Rc8 24. Qe4 Bf8 25. Rd5 Re7 26. Re5 Rd8 27. f3 Rf7 28. Rh5 g6 29. Rxh3 Re7 30. Qc2 Bg7 31. Kg2 Bd4 32. f5 Be3 33. fxg6 Rd2 34. gxh7+ Kh8 35. Qc3+ Rg7+ 36. Qxg7+ 1-0


[Site "https://www.chess.com"]

[Event "Titled Tuesday Blitz October 11 Early 2022"]
[White "Le, Tuan Minh"]
[Black "Durarbayli, Vasif"]
[WhiteFideId "12401153"]
[BlackFideId "13402935"]
[WhiteElo "2530"]
[BlackElo "2586"]
[Result "0-1"]
[Round "04"]
[TimeControl "180+1"]
[Date "2022.10.11"]
[WhiteClock "0:00:02"]
[BlackClock "0:00:02"]

1. d4 g6 2. e4 Bg7 3. Nf3 d6 4. Bc4 Nf6 5. Nc3 O-O 6. O-O Bg4 7. h3 Bxf3 8. Qxf3 Nc6 9. Ne2 e5 10. d5 Ne7 11. Ng3 Nd7 12. c3 f5 13. exf5 gxf5 14. Nh5 Nf6 15. Nxg7 Kxg7 16. Bb3 Qd7 17. c4 Rg8 18. Bc2 Kh8 19. Qc3 Ne4 20. Qd3 Rg6 21. Kh2 Rag8 22. g3 R8g7 23. Qf3 Nf6 24. Rg1 c6 25. Bd2 cxd5 26. cxd5 Nfxd5 27. Rad1 Nf6 28. Bc3 Qc7 29. Bxf5 Nxf5 30. Qxf5 Rf7 31. Qd3 Kg8 32. Rg2 Qc6 33. Kg1 Ne4 34. Be1 Ng5 35. g4 Nf3+ 36. Kf1 Rh6 37. Rg3 Nd4 38. Kg1 Rf3 39. Rxf3 Nxf3+ 40. Kf1 Nd4 41. Kg1 Nf3+ 42. Kf1 Nd4 43. Kg1 Rf6 44. Bc3 Rf3 45. Qf1 Ne6 46. Qg2 Nf4 47. Qf1 Nxh3+ 48. Kh2 Rxf2+ 49. Kxh3 Qf3+ 0-1


[Site "https://www.chess.com"]

[Event "Titled Tuesday Blitz October 11 Early 2022"]
[White "Lewtak, Damian"]
[Black "Rosenberg, Evan S"]
[WhiteFideId "1141724"]
[BlackFideId "2019299"]
[WhiteElo "2329"]
[BlackElo "2430"]
[Result "1-0"]
[Round "04"]
[TimeControl "180+1"]
[Date "2022.10.12"]
[WhiteClock "0:01:59"]
[BlackClock "0:01:02"]

1. d4 Nf6 2. c4 c5 3. d5 e5 4. Nc3 d6 5. g3 h5 6. h3 Be7 7. Bg2 Na6 8. e4 Nc7 9. a4 Na6 10. Nf3 Nb4 11. O-O Bd7 12. Ne1 h4 13. g4 Nh7 14. f4 exf4 15. Bxf4 Nf8 16. e5 Ng6 17. exd6 Nxf4 18. dxe7 Qxe7 19. Rxf4 Qe3+ 20. Rf2 O-O-O 21. Nc2 Nxc2 22. Qxc2 1-0


[Site "https://www.chess.com"]

[Event "Titled Tuesday Blitz October 11 Early 2022"]
[White "Li, Hui"]
[Black "Pimpalkhare, Vedant"]
[WhiteFideId "15400310"]
[BlackFideId "25048236"]
[WhiteElo "1954"]
[BlackElo "2182"]
[Result "0-1"]
[Round "04"]
[TimeControl "180+1"]
[Date "2022.10.12"]
[WhiteClock "0:00:06"]
[BlackClock "0:00:14"]

1. e4 e6 2. d4 d5 3. Nd2 c5 4. exd5 exd5 5. Ngf3 Nc6 6. Bb5 Bd6 7. O-O Ne7 8. dxc5 Bxc5 9. Nb3 Bd6 10. Re1 O-O 11. Bd3 Re8 12. Bg5 f6 13. Bh4 Bg4 14. Bg3 Ne5 15. Be2 Be6 16. Nbd4 Bf7 17. Bb5 Rf8 18. Nxe5 fxe5 19. Bxe5 Bxe5 20. Rxe5 Ng6 21. Re1 Qf6 22. c3 Nf4 23. Bf1 Bh5 24. Qd2 Qg5 25. Qe3 Rf6 26. Qg3 Qh6 27. Re5 Raf8 28. Rae1 Rg6 29. Qh4 Rg4 30. Rxh5 Rxh4 31. Rxh6 Rxh6 32. g3 Ng6 33. Bg2 Rh5 34. Bf3 Re5 35. Re3 Rxe3 36. fxe3 Rd8 37. Ne6 Rd6 38. Nd4 Ne5 39. Bg2 Nc4 40. Nb5 Rd8 41. Nxa7 Nxe3 42. Nb5 Nc4 43. b3 Nb6 44. Nd4 Rc8 45. c4 dxc4 46. bxc4 Rxc4 47. Nf5 Rc1+ 48. Kf2 Rc2+ 49. Kg1 Rxa2 50. Bxb7 g6 51. Nd6 Kf8 52. Bc6 Rb2 53. h4 Ke7 54. Ne4 Nc4 55. Ng5 Ne5 56. Be4 h6 57. Nf3 Nxf3+ 58. Bxf3 Kf6 59. Bg2 Ke5 60. Bf3 Kf5 61. Bg2 Kg4 62. Be4 Kxg3 63. Kf1 g5 64. hxg5 hxg5 65. Bd5 g4 66. Bc6 Kh2 67. Ke1 g3 68. Kf1 g2+ 0-1


[Site "https://www.chess.com"]

[Event "Titled Tuesday Blitz October 11 Early 2022"]
[White "Liyanage, Ranindu Dilshan"]
[Black "Garv Gaur"]
[WhiteFideId "9915834"]
[BlackFideId "45030839"]
[WhiteElo "2210"]
[BlackElo "1960"]
[Result "1-0"]
[Round "04"]
[TimeControl "180+1"]
[Date "2022.10.12"]
[WhiteClock "0:00:18"]
[BlackClock "0:00:08"]

1. e4 c6 2. d4 d5 3. e5 Bf5 4. h4 h5 5. c4 e6 6. Nc3 Ne7 7. Nge2 Bg4 8. Bg5 Qd7 9. Qd2 dxc4 10. Ng3 Nd5 11. Bxc4 Bb4 12. Nge4 Bf5 13. Ng3 Bg6 14. O-O O-O 15. Rac1 f6 16. exf6 gxf6 17. Bh6 Re8 18. Qe2 Qf7 19. Nce4 Nd7 20. Qf3 Kh7 21. Be3 Rg8 22. a3 Be7 23. Bd2 Rae8 24. Bd3 Kh8 25. Rfe1 Bf8 26. Re2 Qh7 27. Rce1 e5 28. Bc4 exd4 29. Bxd5 cxd5 30. Nxf6 Nxf6 31. Qxf6+ Bg7 32. Qg5 d3 33. Rxe8 Rxe8 34. Rxe8+ Bxe8 35. Qxd5 Bxb2 36. Ne4 Qd7 37. Qb3 Bg7 38. Nc5 Qe7 39. Nxd3 Qxh4 40. Qxb7 Qc4 41. Qf3 Bg6 42. Nf4 Kh7 43. Nxh5 1-0


[Site "https://www.chess.com"]

[Event "Titled Tuesday Blitz October 11 Early 2022"]
[White "Lucas, Arthur"]
[Black "Valle Maytin, Luis Enrique"]
[WhiteFideId "26093073"]
[BlackFideId "3503666"]
[WhiteElo "2251"]
[BlackElo "2225"]
[Result "1-0"]
[Round "04"]
[TimeControl "180+1"]
[Date "2022.10.12"]
[WhiteClock "0:00:08"]
[BlackClock "0:00:14"]

1. e4 c6 2. Nc3 d5 3. Nf3 Bg4 4. h3 Bxf3 5. Qxf3 e6 6. Be2 Nf6 7. O-O Nbd7 8. d4 dxe4 9. Nxe4 Nxe4 10. Qxe4 Nf6 11. Qd3 Be7 12. a4 O-O 13. a5 Qc7 14. a6 b5 15. Bf3 Rad8 16. Qc3 Nd5 17. Qb3 Nb6 18. c3 Bf6 19. Re1 Nc4 20. Qc2 c5 21. dxc5 Qxc5 22. Bf4 b4 23. cxb4 Qxb4 24. Re4 Qxb2 25. Qxb2 Nxb2 26. Rb1 Nd3 27. Be3 Rd7 28. Rb7 Rfd8 29. Bxa7 Ne5 30. Be2 Nc6 31. Bb6 Rd2 32. Bxd8 Bxd8 33. Bf3 Ra2 34. Rc4 Ne5 35. Rc8 Nxf3+ 36. gxf3 Ra1+ 37. Kg2 1-0


[Site "https://www.chess.com"]

[Event "Titled Tuesday Blitz October 11 Early 2022"]
[White "Luxama, Jacques Muller"]
[Black "Orzech, Dominik"]
[WhiteFideId "11900113"]
[BlackFideId "1115065"]
[WhiteElo "1931"]
[BlackElo "2272"]
[Result "0-1"]
[Round "04"]
[TimeControl "180+1"]
[Date "2022.10.12"]
[WhiteClock "0:00:08"]
[BlackClock "0:00:50"]

1. e4 c6 2. c4 d5 3. cxd5 cxd5 4. exd5 Nf6 5. Nc3 Nxd5 6. d4 g6 7. Bc4 Nb6 8. Bb3 Bg7 9. Nf3 O-O 10. O-O Nc6 11. d5 Na5 12. h3 Bf5 13. Re1 Rc8 14. Bg5 Re8 15. Ne5 Qd6 16. Bf4 Qb4 17. Bd2 Nxb3 18. axb3 a6 19. Na4 Qb5 20. Nxb6 Qxb6 21. Bc3 Red8 22. Qf3 Qc7 23. g4 Qd6 24. gxf5 Qxd5 25. Qxd5 Rxd5 26. fxg6 hxg6 27. Nc4 b5 28. Nb6 Rg5+ 29. Kf1 Rc6 30. Bxg7 Kxg7 31. Nd7 Rc2 32. Re2 Rxe2 33. Kxe2 Rd5 34. Nb6 Rd6 35. Rxa6 g5 36. Kf3 Kg6 37. Ke4 Kh5 38. Ke5 Kh4 39. b4 Re6+ 40. Kd5 Rf6 41. Kc5 Rxf2 42. Kxb5 Kxh3 43. Nd5 g4 44. Nxe7 g3 45. Rh6+ Kg2 46. Nd5 Kf3 47. Rf6+ Ke4 48. Nc3+ Kd3 49. Rd6+ Kc2 50. Rd1 g2 51. Rg1 f5 52. Kc4 f4 53. b5 f3 54. Nd5 Kxb2 55. Ne3 Re2 56. Nxg2 Rxg2 57. b6 Rxg1 58. b7 Rg8 0-1


[Site "https://www.chess.com"]

[Event "Titled Tuesday Blitz October 11 Early 2022"]
[White "Makhnev, Denis"]
[Black "Koziorowicz, Michal"]
[WhiteFideId "13707647"]
[BlackFideId "21809194"]
[WhiteElo "2486"]
[BlackElo "2220"]
[Result "1-0"]
[Round "04"]
[TimeControl "180+1"]
[Date "2022.10.11"]
[WhiteClock "0:00:05"]
[BlackClock "0:00:19"]

1. d4 e6 2. c4 Nf6 3. Nf3 c5 4. d5 b5 5. dxe6 fxe6 6. cxb5 d5 7. e3 Bd6 8. b3 O-O 9. Bb2 Nbd7 10. Be2 Bb7 11. O-O Qe8 12. Nbd2 Qg6 13. Nc4 Bc7 14. Nce5 Nxe5 15. Bxe5 Ba5 16. Rc1 Ne4 17. a3 Rad8 18. b4 cxb4 19. axb4 Bb6 20. Bc7 d4 21. Bxd8 Rxd8 22. exd4 Bxd4 23. Nxd4 Nc3 24. Nc6 Rxd1 25. Bxd1 Qd3 26. Bf3 Ne2+ 27. Bxe2 Qxe2 28. Rc5 Qd2 29. h3 Qd6 30. Re1 h6 31. Rce5 Bxc6 32. Rxe6 Qxb4 33. bxc6 Qc5 34. h4 a5 35. g3 a4 36. Ra1 Qc3 37. Rxa4 Kf7 38. Rae4 g5 39. hxg5 hxg5 40. Re7+ Kg6 41. c7 Kf5 42. Kg2 Qc6 43. Re5+ 1-0


[Site "https://www.chess.com"]

[Event "Titled Tuesday Blitz October 11 Early 2022"]
[White "Malek, Jan"]
[Black "Svane, Rasmus"]
[WhiteFideId "21864080"]
[BlackFideId "4657101"]
[WhiteElo "2255"]
[BlackElo "2674"]
[Result "1-0"]
[Round "04"]
[TimeControl "180+1"]
[Date "2022.10.11"]
[WhiteClock "0:00:16"]
[BlackClock "0:00:04"]

1. c4 Nf6 2. Nc3 e5 3. g3 Bb4 4. Bg2 O-O 5. e4 Bxc3 6. bxc3 c6 7. Ne2 d5 8. exd5 cxd5 9. cxd5 Nxd5 10. O-O Nc6 11. Re1 Re8 12. Qb3 Nb6 13. Qc2 Qf6 14. d3 Bg4 15. Be3 Rad8 16. Rab1 h6 17. c4 Rd7 18. Nc3 Red8 19. Ne4 Qg6 20. Nc5 Rc7 21. Nxb7 Rxb7 22. c5 Rc8 23. cxb6 axb6 24. Rec1 Bd7 25. Qd2 Rbb8 26. Rxb6 Rxb6 27. Bxb6 Rb8 28. Be3 Ne7 29. Be4 Bf5 30. Qc2 Qe6 31. a4 Nd5 32. Bd2 Nf6 33. Bxf5 Qxf5 34. a5 Ra8 35. Qc4 Ng4 36. Rf1 Qh5 37. h4 Qf5 38. Qe4 Qc8 39. Rc1 Qd8 40. Qxg4 Qxd3 41. Bxh6 g6 42. Be3 Rxa5 43. Qg5 Ra8 44. h5 Kh7 45. hxg6+ Qxg6 46. Qh4+ Kg8 47. Rc4 f5 48. Rc7 Re8 49. Bc5 f4 50. Kg2 Qe4+ 51. Kh2 Qg6 52. gxf4 exf4 53. Qxf4 Qh5+ 54. Kg2 Qg6+ 55. Qg3 Re6 56. Be3 Rf6 57. Qxg6+ Rxg6+ 58. Kf3 Rf6+ 59. Ke2 Kf8 60. Rc5 Re6 61. Rc4 Ke8 62. Rf4 Ra6 63. Kf3 Ke7 64. Re4+ Kf7 65. Kg3 Kg6 66. Rf4 Rc6 67. Rg4+ Kf7 68. f4 Rc3 69. Kf3 Rb3 70. Rg5 Rb4 71. Rd5 Ke6 72. Rd4 Rb1 73. Ke4 Re1 74. f5+ Kf7 75. Rd6 Re2 76. Rb6 Re1 77. Ra6 Ke7 78. Kf4 Kf7 79. Bd4 Rf1+ 80. Ke5 Re1+ 81. Kd5 Rf1 82. Ra7+ Ke8 83. Ke6 Kd8 84. Be5 Kc8 85. Rc7+ Kd8 86. Rb7 1-0


[Site "https://www.chess.com"]

[Event "Titled Tuesday Blitz October 11 Early 2022"]
[White "Manon-og, Ramon Jr."]
[Black "Hanley, Craig A"]
[WhiteFideId "5200776"]
[BlackFideId "408514"]
[WhiteElo "2240"]
[BlackElo "2439"]
[Result "0-1"]
[Round "04"]
[TimeControl "180+1"]
[Date "2022.10.12"]
[WhiteClock "0:00:45"]
[BlackClock "0:00:16"]

1. e4 c5 2. Nf3 d6 3. Bb5+ Bd7 4. Bxd7+ Qxd7 5. c4 Nf6 6. Nc3 Nc6 7. d3 g6 8. O-O Bg7 9. Bg5 h6 10. Bh4 g5 11. Bg3 Nh5 12. Qd2 a6 13. Nd5 Rb8 14. Nb6 Qd8 15. Nd5 b5 16. Rab1 e6 17. Ne3 Qd7 18. a3 b4 19. axb4 Rxb4 20. d4 Nxg3 21. hxg3 cxd4 22. Nc2 Rxc4 23. b3 Rc5 24. Ncxd4 O-O 25. Rfd1 Nxd4 26. Nxd4 d5 27. b4 Rc4 28. Nb3 d4 29. Nc5 Qb5 30. Qd3 Rc8 31. Kh2 g4 32. Qa3 a5 33. Nd3 axb4 34. Nxb4 Qh5+ 35. Kg1 Rc3 36. Qa6 Qc5 37. Nd3 Qa3 38. Qb7 Rf8 39. Nf4 Qc5 40. Rb5 Qc6 41. Qxc6 Rxc6 42. Nh5 Bh8 43. Rb7 Rfc8 44. Kh2 Rc1 45. Rd3 R8c3 46. Rb8+ Kh7 47. Rd2 R1c2 48. Rd1 Rxf2 49. Rb7 Rcc2 50. Nf4 Be5 51. Rxf7+ Kg8 52. Re7 Bxf4 53. gxf4 Rxg2+ 54. Kh1 Rh2+ 55. Kg1 g3 56. Ra1 Rcg2+ 57. Kf1 Ra2 58. Rxa2 Rxa2 59. Rxe6 d3 60. Rxh6 d2 61. Rd6 Ra1+ 62. Ke2 d1=Q+ 63. Rxd1 Rxd1 64. Kxd1 g2 65. Ke2 g1=Q 0-1


[Site "https://www.chess.com"]

[Event "Titled Tuesday Blitz October 11 Early 2022"]
[White "Manukian, Artak"]
[Black "Antonio, Jorge Carlos"]
[WhiteFideId "13301373"]
[BlackFideId "113190"]
[WhiteElo "2498"]
[BlackElo "2247"]
[Result "1-0"]
[Round "04"]
[TimeControl "180+1"]
[Date "2022.10.12"]
[WhiteClock "0:00:21"]
[BlackClock "0:00:07"]

1. e4 c5 2. Nf3 e6 3. c3 Nc6 4. d4 cxd4 5. cxd4 d5 6. e5 a6 7. Nc3 Bb4 8. a3 Bxc3+ 9. bxc3 Nge7 10. Bd3 O-O 11. Bxh7+ Kxh7 12. Ng5+ Kg6 13. h4 f6 14. h5+ Kh6 15. Nxe6+ Kh7 16. Nxd8 Nxd8 17. h6 g6 18. exf6 Rxf6 19. Bg5 Re6+ 20. Kf1 Nf5 21. Bxd8 Bd7 22. Bg5 Rf8 23. Kg1 Nd6 24. Qb3 Bc6 25. f3 Nc4 26. Kh2 Rf5 27. f4 Nd2 28. Rhe1 Nxb3 29. Rxe6 Nxa1 30. Re7+ Kh8 31. g4 Rf8 32. Re6 Nb3 33. Rxg6 Nd2 34. Be7 Rg8 35. f5 Ne4 36. Rxg8+ Kxg8 37. Kh3 Bd7 38. Kh4 Kh7 39. Bf8 Nxc3 40. Kg5 Ne4+ 41. Kf4 Nf6 42. g5 Nh5+ 43. Ke5 Bc6 44. g6+ Kg8 45. h7+ Kh8 46. Be7 Be8 47. Bg5 Ng7 48. Bf6 Bc6 49. Kd6 a5 50. Ke7 a4 51. Kf8 b5 52. Bxg7# 1-0


[Site "https://www.chess.com"]

[Event "Titled Tuesday Blitz October 11 Early 2022"]
[White "Martin Carmona, Gaston Manuel"]
[Black "Jean Louis, Marckens"]
[WhiteFideId "22284567"]
[BlackFideId "11900270"]
[WhiteElo "2235"]
[BlackElo "2030"]
[Result "1-0"]
[Round "04"]
[TimeControl "180+1"]
[Date "2022.10.12"]
[WhiteClock "0:00:25"]
[BlackClock "0:00:01"]

1. d4 d5 2. c4 e6 3. Nc3 Nf6 4. Nf3 Be7 5. Bf4 O-O 6. e3 b6 7. Rc1 Bb7 8. cxd5 exd5 9. Bd3 c5 10. dxc5 bxc5 11. O-O Nc6 12. Na4 c4 13. Bb1 Ba6 14. Nc3 Nb4 15. Ne5 Rc8 16. a3 Nc6 17. Nxc6 Rxc6 18. Qa4 Rb6 19. Rfd1 Bb7 20. Qc2 g6 21. Be5 Qc8 22. Bxf6 Bxf6 23. Nxd5 Bxd5 24. Rxd5 Bxb2 25. Rcd1 Bxa3 26. Ba2 c3 27. Rd7 Rb2 28. Bxf7+ Rxf7 29. Qa4 Bf8 30. Rd8 Qf5 31. f4 Qg4 32. Qe4 c2 33. Rc1 1-0


[Site "https://www.chess.com"]

[Event "Titled Tuesday Blitz October 11 Early 2022"]
[White "Matveeva, Olga"]
[Black "Aloma Vidal, Robert"]
[WhiteFideId "24107018"]
[BlackFideId "2260409"]
[WhiteElo "2055"]
[BlackElo "2435"]
[Result "0-1"]
[Round "04"]
[TimeControl "180+1"]
[Date "2022.10.12"]
[WhiteClock "0:01:09"]
[BlackClock "0:00:52"]

1. d4 d5 2. c4 c6 3. Nf3 Nf6 4. Qb3 e6 5. g3 dxc4 6. Qxc4 b5 7. Qc2 Bb7 8. Bg2 Nbd7 9. a4 b4 10. O-O c5 11. Rd1 Rc8 12. dxc5 Bxc5 13. Qb3 Qb6 14. e3 Bd5 15. Qd3 Qb7 16. Ne1 Bxg2 17. Nxg2 O-O 18. b3 Ne5 19. Qb5 Nf3+ 20. Kh1 Ng4 21. Ra2 Qa8 22. h3 Nf6 23. Nd2 Rfd8 24. Qe2 Ne5 25. Nf1 Bb6 26. Rad2 Rxd2 27. Qxd2 h6 28. Bb2 Ne4 29. Qe1 Nc3 30. Bxc3 bxc3 31. Rc1 Nd3 32. Qd1 Nxf2+ 0-1


[Site "https://www.chess.com"]

[Event "Titled Tuesday Blitz October 11 Early 2022"]
[White "Melikhov, Evgeny V."]
[Black "Acosta Cruz, Oscar Yosimar"]
[WhiteFideId "4122046"]
[BlackFideId "5111269"]
[WhiteElo "2169"]
[BlackElo "2147"]
[Result "1/2-1/2"]
[Round "04"]
[TimeControl "180+1"]
[Date "2022.10.12"]
[WhiteClock "0:00:09"]
[BlackClock "0:00:25"]

1. d4 d5 2. c4 c6 3. Nc3 Nf6 4. e3 a6 5. c5 Bf5 6. f4 Nbd7 7. Nf3 e6 8. Be2 Be7 9. O-O O-O 10. Bd2 b6 11. cxb6 Qxb6 12. Na4 Qa7 13. Rc1 c5 14. dxc5 Nxc5 15. Nd4 Nxa4 16. Qxa4 Ne4 17. Nc6 Qd7 18. Nxe7+ Qxe7 19. Bb4 Qa7 20. Bxf8 Qxe3+ 21. Kh1 Nf2+ 22. Rxf2 Qxf2 23. Bxa6 Be4 24. Rg1 Kxf8 25. Qc6 Qa7 26. Bb7 Rb8 27. Qd6+ Kg8 28. Bc6 h5 29. b4 h4 30. h3 Kh7 31. a4 Qe3 32. f5 Qxh3+ 33. Qh2 Qxh2+ 34. Kxh2 Rxb4 35. fxe6 fxe6 36. Kh3 Bd3 37. g3 hxg3 38. Kxg3 e5 39. Rh1+ Kg6 40. Bxd5 Rxa4 41. Kf2 e4 42. Ke3 Ra5 43. Rg1+ Kf6 44. Bxe4 Bxe4 45. Kxe4 Re5+ 46. Kf4 Rf5+ 47. Ke3 g5 48. Rg2 Rf4 49. Rf2 Kf5 50. Rxf4+ gxf4+ 51. Kf3 Kg5 52. Kf2 Kh4 53. Kf3 Kg5 54. Kf2 Kg4 55. Kg2 Kf5 56. Kf3 Ke5 57. Kf2 Kd5 58. Kf3 Ke5 59. Kf2 Ke4 60. Ke2 f3+ 61. Kf2 Kf4 62. Kf1 Kg3 63. Kg1 Kg4 64. Kf2 Kf4 65. Kf1 Ke3 66. Ke1 Kf4 67. Kf2 Ke4 68. Kf1 Ke3 69. Ke1 Kf4 70. Kf2 Kg4 71. Kf1 Kh3 72. Kf2 Kg4 73. Kf1 Kg3 74. Kg1 Kf4 75. Kf2 1/2-1/2


[Site "https://www.chess.com"]